Map: Rosebud LE

Players

Faust

  • Race: Zerg Zerg
  • League: Diamond
  • Spawn Location: 11:00

Breakfast

  • Race: Terran Terran
  • Spawn Location: 11:00

Throwfordays

  • Race: Protoss Protoss
  • League: Silver
  • Spawn Location: 11:00

Yheti

  • Race: Protoss Protoss
  • League: Diamond
  • Spawn Location: 5:00

phabej

  • Race: Zerg Zerg
  • League: Diamond
  • Spawn Location: 5:00

StzCraft

  • Race: Zerg Zerg
  • League: Diamond
  • Spawn Location: 5:00

VOD

Have the link to the VOD?

Description

Time

  • Played on: April 3, 2019, 3:56 p.m.
  • Length: 13:52
Show
View Real Time Build Order
Export as new Build Order

Faust Zerg 

Build Orders: Hatch First, Lurkers 

Get SALT Encoding   

  12  0:01  Drone  
  13  0:08  Drone  
  14  0:16  Extractor  
  14  0:17  Drone  
  15  0:23  Overlord  
  15  0:42  Drone x2  
  17  0:54  Hatchery  
  17  0:57  Drone  
  17  1:02  Extractor, Drone  
  17  1:20  Spawning Pool  
  17  1:21  Drone  
  17  1:31  Drone  
  18  1:33  Drone  
  18  1:38  Overlord  
  19  2:02  Drone x2  
  19  2:07  Metabolic Boost  
  19  2:08  Queen  
  21  2:13  Queen  
  25  2:18  Drone  
  25  2:20  Drone  
  27  2:27  Baneling Nest  
  26  2:30  Drone  
  26  2:36  Overlord  
  27  2:39  Zergling x2  
  27  2:43  Zergling x2  
  29  2:52  Drone x2  
  29  2:53  Drone  
  29  2:56  Drone  
  32  3:15  Zergling x6  
  32  3:16  Zergling x2  
  36  3:25  Zergling x2  
  36  3:26  Zergling x10  
  42  3:40  Zergling x4  
  44  3:54  Overlord  
  44  3:55  Lair  
  44  3:57  Overlord  
  42  4:21  Zergling x2  
  42  4:22  Zergling x10, Hatchery  
  44  4:27  Drone x4  
  46  4:38  Baneling  
  46  4:39  Baneling x2  
  46  4:41  Baneling  
  46  4:42  Baneling  
  46  4:43  Drone  
  46  4:44  Drone x4  
  51  4:47  Extractor  
  51  4:49  Extractor  
  44  5:29  Drone x3  
  44  5:30  Drone x2  
  44  5:31  Spore Crawler  
  44  5:34  Extractor  
  46  5:36  Hydralisk Den  
  46  5:38  Drone x3  
  46  5:39  Drone x2  
  46  5:40  Spore Crawler  
  49  5:47  Queen  
  49  5:48  Drone x2  
  53  5:50  Drone  
  53  5:51  Drone  
  55  6:06  Drone x3  
  55  6:09  Baneling  
  55  6:10  Baneling  
  58  6:15  Overlord  
  58  6:16  Overlord x2  
  58  6:21  Muscular Augments  
  58  6:24  Lurker Den, Drone  
  58  6:26  Overlord x4  
  58  6:27  Overlord  
  58  6:49  Zergling x4  
  58  6:50  Zergling x24, Overseer  
  67  6:58  Evolution Chamber  
  62  7:06  Drone x5  
  67  7:10  Queen  
  67  7:12  Drone x2  
  71  7:18  Evolution Chamber  
  70  7:30  Baneling  
  70  7:31  Baneling x4  
  70  7:32  Grooved Spines  
  70  7:33  Drone  
  70  7:34  Drone x6  
  70  7:36  Extractor  
  76  7:38  Extractor  
  76  7:41  Overlord x4  
  76  7:42  Drone  
  76  7:43  Drone  
  77  7:45  Zerg Ground Armor Level 1, Zerg Missile Weapons Level 1  
  69  8:08  Hydralisk x7  
  69  8:27  Drone  
  69  8:28  Drone x8  
  77  8:42  Drone x3  
  80  8:52  Infestation Pit  
  80  8:54  Nydus Network  
  78  8:57  Drone x2  
  78  9:01  Spine Crawler  
  78  9:02  Spine Crawler  
  78  9:14  Drone x3  
  78  9:15  Drone x3  
  86  9:30  Hydralisk x8  
  78  9:54  Hydralisk  
  78  9:55  Hydralisk x7  
  87  10:00  Zerg Missile Weapons Level 2  
  87  10:08  Drone x2  
  87  10:12  Drone x3  
  92  10:33  Lurker x3  
  95  10:38  Drone x5  
  95  10:41  Overlord x3  
  100  11:22  Zerg Ground Armor Level 2  
  100  11:24  Zergling x2  
  100  11:25  Zergling x20  
  111  11:31  Overlord x3  
  111  11:36  Hatchery, Lurker  
  111  11:37  Lurker  
  65  12:34  Overlord x3  
  65  12:35  Overlord  
  53  12:53  Drone  
  53  12:54  Drone x9  
  53  12:56  Zergling x2  
  64  13:11  Drone x4  
  64  13:12  Drone x2  
  62  13:25  Hydralisk x2  
Show
View Real Time Build Order
Export as new Build Order

Breakfast Terran 

Build Orders:  

Get SALT Encoding   

  12  0:01  SCV  
  13  0:17  SCV  
  14  0:29  SCV  
  15  0:38  Supply Depot  
  15  0:52  Supply Depot  
  15  1:00  SCV  
  16  1:04  Supply Depot  
  16  1:12  SCV  
  17  1:23  Barracks  
  17  1:24  SCV  
  18  1:29  Refinery  
  18  1:34  Refinery  
  18  1:36  SCV  
  19  1:48  SCV  
  19  1:49  Engineering Bay  
  20  2:00  SCV  
  21  2:12  SCV  
  21  2:15  Marine  
  23  2:24  SCV  
  23  2:27  Factory  
  24  2:33  Marine  
  25  2:42  SCV  
  26  2:44  Terran Infantry Weapons Level 1  
  26  2:50  Marine  
  27  3:02  Supply Depot  
  27  3:08  Marine  
  28  3:24  Supply Depot  
  28  3:26  Marine  
  29  3:41  Starport  
  29  3:44  Marine  
  29  3:47  Supply Depot  
  30  4:02  Marine  
  31  4:07  Widow Mine  
  33  4:11  Supply Depot  
  33  4:19  Starport Reactor  
  33  4:26  Starport  
  33  4:29  Marine, Widow Mine  
  36  4:35  Supply Depot  
  36  4:47  Marine  
  36  4:50  Widow Mine  
  39  5:03  Starport Reactor  
  39  5:05  Marine, Viking x2  
  44  5:11  Widow Mine  
  46  5:23  Marine  
  47  5:33  Widow Mine  
  47  5:35  Viking x2  
  51  5:41  Marine  
  54  5:48  Viking  
  56  5:51  Viking  
  58  5:59  Marine  
  59  6:05  Viking x2  
  63  6:16  Marine  
  64  6:36  Viking x3  
  70  7:08  Viking x2  
  70  8:25  Viking x4  
  78  8:55  Viking x2  
  78  8:59  Marine  
  79  9:09  Command Center  
  79  10:20  Marine, Viking x4  
  88  10:38  Marine  
  89  10:48  Refinery  
  89  10:50  Viking x2  
  89  10:52  Refinery  
  89  10:56  Marine  
  94  11:50  Viking x2  
  94  11:51  Viking  
  94  11:53  Marine  
  50  12:11  Marine  
  27  12:29  Marine, Viking  
  24  12:30  Viking x3  
  30  12:47  Marine  
  31  12:51  Hellion  
  33  13:00  SCV  
  33  13:05  Marine  
  35  13:12  SCV  
Show
View Real Time Build Order
Export as new Build Order

Throwfordays Protoss 

Build Orders:  

Get SALT Encoding   

  12  0:00  Probe  
  13  0:12  Probe  
  14  0:18  Pylon  
  14  0:24  Probe  
  15  0:36  Probe  
  15  0:41  Gateway  
  16  0:44  Probe  
  17  0:53  Probe  
  17  0:54  Assimilator  
  18  1:04  Probe  
  19  1:16  Probe  
  20  1:36  Cybernetics Core  
  20  1:39  Gateway  
  20  2:05  Assimilator  
  20  2:07  Warp Gate, Probe  
  21  2:21  Forge  
  21  2:23  Pylon  
  21  2:27  Pylon  
  21  2:30  Adept  
  21  2:31  Twilight Council  
  23  2:41  Adept  
  25  2:54  Nexus  
  25  3:00  Pylon  
  25  3:16  Adept x2  
  29  3:23  Gateway  
  29  3:26  Probe  
  30  3:34  Probe  
  31  3:43  Probe  
  28  4:03  Gateway, Probe  
  28  4:08  Probe  
  29  4:11  Probe  
  29  4:16  Probe  
  31  4:21  Probe  
  33  4:25  Probe  
  33  4:28  Adept  
  36  4:32  Adept  
  36  4:33  Probe  
  36  4:37  Probe  
  36  4:38  Adept  
  42  4:42  Assimilator  
  42  4:45  Probe  
  43  4:48  Assimilator  
  43  4:51  Protoss Ground Weapons Level 1  
  43  4:55  Resonating Glaives  
  43  4:57  Probe  
  44  5:17  Probe  
  44  5:18  Probe  
  46  5:29  Probe  
  47  5:41  Probe  
  48  5:47  Stargate  
  48  5:48  Stargate  
  48  5:51  Probe  
  48  5:53  Probe  
  42  6:01  Adept x4  
  42  6:03  Probe  
  49  6:05  Probe  
  49  6:10  Pylon  
  50  6:15  Probe  
  50  6:16  Pylon  
  50  6:17  Probe  
  52  6:29  Probe  
  53  6:36  Pylon  
  53  6:39  Pylon  
  53  6:41  Probe  
  53  6:42  Pylon  
  53  6:45  Pylon  
  54  6:48  Pylon  
  54  6:49  Adept x4  
  54  6:52  Pylon  
  62  7:12  Stargate  
  62  7:13  Stargate  
  62  7:18  Cybernetics Core  
  62  7:20  Fleet Beacon, Protoss Shields Level 1  
  62  7:32  Protoss Air Weapons Level 1  
  62  7:55  Stalker x4  
  62  8:18  Phoenix x2  
  62  8:19  Phoenix x2  
  70  8:24  Anion Pulse-Crystals  
  70  8:44  Nexus  
  70  8:48  Assimilator  
  70  8:52  Assimilator  
  70  8:53  Phoenix x3  
  70  8:55  Pylon  
  76  8:58  Pylon  
  76  9:00  Phoenix  
  78  9:21  Probe  
  79  9:25  Probe  
  80  9:33  Probe  
  80  9:37  Probe  
  78  9:45  Probe  
  75  9:49  Probe  
  72  9:57  Probe  
  71  10:01  Probe  
  72  10:09  Probe x2  
  72  10:13  Probe  
  75  10:17  Probe  
  75  10:21  Probe  
  75  10:24  Protoss Shields Level 2  
  75  10:25  Probe  
  75  10:27  Probe  
  78  10:30  Phoenix x3  
  78  10:31  Phoenix  
  78  10:33  Probe  
  88  10:37  Probe  
  88  10:38  Protoss Air Armor Level 1  
  88  10:39  Probe  
  88  10:40  Protoss Air Weapons Level 2  
  90  10:51  Probe  
  91  11:10  Phoenix x4  
  97  12:17  Stalker x4  
  75  13:00  Robotics Facility  
  75  13:03  Robotics Facility  
  75  13:06  Robotics Facility  
Show
View Real Time Build Order
Export as new Build Order

Yheti Protoss 

Build Orders: Phoenix Opening 

Get SALT Encoding   

  12  0:01  Probe  
  13  0:21  Pylon  
  13  0:22  Probe  
  13  0:26  Assimilator  
  14  0:36  Probe  
  15  0:43  Gateway  
  15  0:47  Assimilator, Probe  
  15  0:55  Probe  
  17  1:05  Probe  
  18  1:14  Pylon, Probe  
  19  1:22  Probe  
  19  1:31  Cybernetics Core  
  19  1:32  Probe  
  21  2:00  Probe  
  22  2:25  Forge  
  22  2:30  Pylon  
  22  2:33  Stargate  
  22  2:36  Pylon  
  22  2:38  Stargate  
  22  2:39  Probe  
  22  2:41  Pylon  
  23  2:54  Probe  
  24  3:12  Nexus  
  24  3:20  Photon Cannon  
  24  3:31  Photon Cannon  
  24  3:35  Probe  
  25  3:47  Probe  
  26  3:52  Pylon  
  26  3:57  Phoenix  
  26  3:58  Phoenix  
  30  4:12  Zealot  
  32  4:19  Protoss Air Weapons Level 1  
  31  4:34  Probe x2  
  33  4:42  Probe  
  33  4:45  Phoenix  
  35  4:52  Probe  
  37  4:54  Phoenix  
  37  4:56  Probe  
  40  5:07  Probe  
  40  5:10  Phoenix  
  40  5:11  Probe  
  43  5:16  Assimilator, Probe  
  43  5:19  Probe  
  46  5:36  Phoenix x2, Probe  
  46  5:37  Probe  
  52  5:44  Probe  
  52  5:45  Probe  
  52  5:48  Assimilator  
  54  5:54  Photon Cannon  
  54  5:59  Photon Cannon  
  54  6:06  Phoenix  
  54  6:09  Phoenix  
  54  6:10  Probe  
  59  6:13  Probe  
  60  6:19  Protoss Shields Level 1  
  60  6:30  Fleet Beacon  
  60  6:38  Pylon, Probe  
  60  6:41  Phoenix  
  60  6:42  Probe  
  60  6:46  Probe  
  67  7:04  Stargate  
  67  7:06  Pylon  
  65  7:09  Pylon  
  65  7:15  Phoenix  
  65  7:16  Photon Cannon  
  65  7:19  Probe  
  65  7:22  Probe  
  69  7:27  Probe  
  69  7:34  Probe  
  69  7:36  Probe  
  71  7:41  Phoenix  
  74  7:46  Protoss Air Weapons Level 2, Photon Cannon  
  74  7:49  Photon Cannon  
  74  7:58  Phoenix x2  
  74  8:06  Phoenix  
  74  8:21  Probe  
  74  8:23  Phoenix  
  77  8:33  Stargate  
  77  8:37  Nexus  
  77  8:38  Pylon x2, Probe  
  77  8:40  Probe  
  79  8:42  Phoenix  
  81  8:49  Pylon  
  81  8:50  Phoenix  
  81  8:51  Assimilator  
  83  8:56  Assimilator  
  83  9:03  Phoenix  
  83  9:07  Phoenix  
  87  9:15  Probe  
  87  9:16  Probe  
  89  9:28  Probe x2  
  89  9:40  Probe x2  
  77  9:52  Phoenix x3  
  81  9:54  Phoenix  
  77  10:09  Probe  
  77  10:10  Photon Cannon  
  77  10:11  Probe  
  77  10:12  Probe  
  80  10:14  Pylon  
  80  10:17  Phoenix x3, Probe  
  80  10:19  Photon Cannon, Probe  
  87  10:22  Pylon  
  87  10:24  Probe  
  87  10:27  Probe x2  
  87  10:28  Phoenix  
  93  10:36  Probe  
  93  10:42  Phoenix  
  96  10:45  Anion Pulse-Crystals  
  96  10:46  Carrier  
  102  10:59  Carrier  
  108  11:16  Carrier  
  114  11:19  Probe  
  114  11:20  Probe x2  
  114  11:24  Nexus  
  115  11:26  Phoenix  
  117  11:51  Phoenix, Carrier  
  121  12:03  Phoenix  
  123  12:16  Phoenix  
  123  12:20  Phoenix  
  127  12:28  Phoenix  
  119  12:40  Probe  
  119  12:41  Phoenix  
  119  12:44  Probe x2  
  126  12:54  Assimilator  
  130  12:58  Assimilator  
  130  12:59  Nexus  
  130  13:02  Assimilator  
  130  13:03  Phoenix  
  130  13:05  Assimilator, Probe  
  138  13:06  Phoenix, Probe x2  
  143  13:18  Probe x2  
  145  13:22  Pylon  
  145  13:25  Pylon x2  
  145  13:27  Pylon  
  145  13:28  Pylon  
  153  13:38  Stargate  
  153  13:41  Stargate  
  153  13:43  Pylon  
Show
View Real Time Build Order
Export as new Build Order

phabej Zerg 

Build Orders: 3 Hatch before Pool, Lurkers 

Get SALT Encoding   

  12  0:05  Drone  
  13  0:13  Drone  
  14  0:33  Extractor  
  14  0:34  Overlord  
  13  0:41  Drone  
  14  0:46  Extractor, Drone  
  15  1:06  Hatchery, Drone x2  
  15  1:09  Drone  
  17  1:38  Hatchery  
  16  1:41  Drone  
  16  1:42  Drone x2  
  19  1:55  Spawning Pool  
  18  2:04  Drone  
  18  2:05  Drone  
  20  2:14  Overlord  
  20  2:27  Drone  
  20  2:29  Drone  
  22  2:30  Drone  
  23  2:40  Drone  
  23  2:42  Queen  
  23  2:44  Evolution Chamber  
  25  2:45  Drone  
  25  2:49  Drone  
  27  2:52  Queen  
  27  2:55  Zergling x2  
  27  2:58  Drone  
  31  3:03  Zergling x2  
  31  3:04  Zergling x2  
  31  3:05  Zergling x2  
  34  3:12  Overlord  
  34  3:18  Extractor, Overlord  
  34  3:19  Zergling x2  
  34  3:22  Drone  
  34  3:23  Drone  
  36  3:28  Metabolic Boost  
  36  3:37  Drone  
  36  3:39  Drone x3  
  40  3:43  Drone  
  41  3:48  Spine Crawler  
  41  3:49  Zergling x2  
  41  3:50  Zergling x2  
  42  4:01  Queen, Drone  
  45  4:04  Zergling x4  
  47  4:12  Zergling x4, Drone x2  
  51  4:26  Drone x4  
  51  4:27  Drone x2  
  51  4:30  Extractor  
  56  4:32  Extractor  
  56  4:36  Zerg Melee Weapons Level 1  
  55  4:38  Lair  
  55  4:45  Drone x3  
  57  4:49  Overlord x2  
  58  5:01  Evolution Chamber  
  58  5:02  Drone  
  58  5:16  Drone x3  
  58  5:19  Drone  
  58  5:20  Roach Warren, Drone  
  58  5:21  Drone x7  
  66  5:24  Spore Crawler  
  66  5:33  Zergling x6  
  66  5:34  Zergling x2, Drone x2  
  70  5:41  Drone x3  
  73  5:45  Spore Crawler, Pneumatized Carapace  
  73  5:49  Overlord  
  70  6:01  Drone x4  
  74  6:06  Extractor  
  74  6:08  Zerg Missile Weapons Level 1  
  74  6:10  Roach x4  
  74  6:11  Glial Reconstitution  
  81  6:19  Overlord  
  81  6:27  Extractor  
  81  6:30  Zerg Ground Armor Level 1  
  80  6:37  Drone x2  
  80  6:38  Roach x4  
  90  6:40  Overlord x5  
  84  7:03  Roach x5  
  84  7:04  Roach x4  
  99  7:11  Nydus Network  
  99  7:13  Drone x2  
  99  7:14  Drone  
  99  7:15  Roach x4  
  109  7:19  Ravager x5  
  114  7:25  Drone  
  114  7:26  Drone  
  114  7:27  Drone x4  
  114  7:28  Drone x2  
  122  7:31  Hydralisk Den  
  121  7:39  Hatchery  
  120  7:49  Overlord  
  120  7:50  Roach, Overlord x2  
  120  7:51  Roach x3  
  128  8:06  Drone x2  
  128  8:07  Overlord x3  
  130  8:12  Overseer  
  130  8:13  Overseer x3  
  130  8:15  Drone x5  
  130  8:16  Drone x2  
  137  8:21  Zerg Missile Weapons Level 2  
  137  8:29  Roach x3  
  137  8:30  Roach x2  
  149  8:41  Roach x3  
  153  8:52  Nydus Canal, Drone  
  154  8:56  Roach x2  
  154  8:57  Roach x2  
  154  9:02  Queen, Drone  
  163  9:07  Roach x3  
  171  9:12  Extractor, Spine Crawler  
  171  9:13  Spine Crawler  
  171  9:14  Extractor  
  167  9:18  Roach  
  167  9:19  Roach x2  
  173  9:29  Roach  
  173  9:31  Grooved Spines  
  175  9:34  Lurker Den, Overlord x4  
  175  9:35  Overlord  
  164  9:45  Roach  
  164  9:46  Roach x4  
  160  9:57  Roach x3  
  164  10:05  Roach x4  
  169  10:10  Roach x2  
  169  10:11  Roach  
  169  10:13  Drone  
  176  10:14  Overlord x2  
  176  10:15  Overlord x2  
  176  10:20  Hatchery  
  175  10:21  Infestation Pit  
  175  10:23  Spire  
  175  10:24  Roach  
  175  10:29  Overlord  
  175  10:32  Drone  
  175  10:34  Drone x2  
  178  10:39  Roach  
  178  10:40  Roach  
  178  10:42  Muscular Augments  
  182  10:47  Drone  
  182  10:48  Drone x4  
  187  10:50  Extractor, Hatchery  
  187  10:52  Extractor, Drone  
  187  10:53  Spore Crawler  
  187  10:54  Spine Crawler  
  187  10:55  Ravager x4  
  187  10:56  Ravager x7  
  194  10:57  Hydralisk x3  
  194  11:00  Hive  
  200  11:17  Nydus Canal  
  200  11:31  Extractor, Hatchery  
  198  11:35  Extractor  
  198  11:37  Ravager x3  
  183  12:08  Hydralisk x7  
  190  12:21  Hydralisk x4  
  190  12:22  Hydralisk x3  
  140  12:30  Hydralisk  
  140  12:31  Hydralisk x5  
  140  12:44  Hydralisk x5  
  134  12:49  Hydralisk x4  
  138  12:53  Drone x3  
  141  13:08  Roach x3  
  141  13:09  Roach x6  
  141  13:10  Roach x6  
  141  13:12  Drone x3  
  174  13:25  Nydus Canal  
  174  13:26  Drone  
  175  13:28  Hydralisk  
  187  13:39  Lurker x3  
  187  13:41  Lurker  
  193  13:49  Spore Crawler, Spine Crawler  
Show
View Real Time Build Order
Export as new Build Order

StzCraft Zerg 

Build Orders: Hatch First, Lurkers 

Get SALT Encoding   

  12  0:02  Drone  
  13  0:12  Drone  
  14  0:19  Overlord  
  14  0:37  Drone x3  
  17  0:59  Hatchery  
  17  1:03  Drone x2  
  18  1:08  Extractor  
  17  1:20  Spawning Pool  
  17  1:22  Drone  
  18  1:25  Drone  
  18  1:34  Drone  
  19  1:45  Drone  
  20  1:55  Overlord  
  20  2:03  Drone  
  21  2:09  Metabolic Boost  
  21  2:10  Queen  
  21  2:15  Queen  
  23  2:18  Drone  
  23  2:21  Drone  
  27  2:30  Spine Crawler  
  27  2:32  Drone  
  27  2:35  Drone  
  28  2:41  Drone  
  28  2:43  Drone  
  30  2:47  Overlord  
  30  2:49  Drone  
  31  2:57  Zergling x2  
  31  2:58  Zergling x2  
  33  3:03  Queen  
  36  3:05  Drone  
  36  3:10  Extractor  
  35  3:19  Drone x3  
  38  3:29  Zergling x4  
  40  3:38  Overlord  
  40  3:39  Drone x3  
  43  3:47  Zergling x2  
  41  3:55  Zergling x4  
  41  4:02  Zergling x6  
  45  4:03  Zergling x2  
  46  4:10  Lair  
  46  4:12  Drone x4  
  50  4:20  Spine Crawler  
  49  4:30  Zergling x6  
  49  4:31  Overlord  
  51  4:40  Hatchery  
  51  4:44  Drone  
  51  4:45  Overlord x2  
  51  5:00  Drone x5  
  52  5:18  Zergling x6  
  49  5:34  Drone x2  
  46  5:50  Hydralisk Den  
  46  5:53  Queen, Drone x5  
  46  5:56  Extractor x2  
  50  5:59  Queen  
  52  6:11  Overlord  
  52  6:13  Drone x2  
  54  6:19  Spine Crawler  
  54  6:20  Evolution Chamber  
  54  6:23  Spine Crawler, Grooved Spines  
  51  6:26  Drone  
  51  6:27  Drone x7  
  51  6:28  Lurker Den  
  54  6:53  Drone  
  54  6:54  Drone x8  
  59  7:02  Overlord  
  59  7:03  Overlord x2  
  59  7:05  Overseer x4  
  59  7:18  Extractor, Spine Crawler  
  59  7:19  Drone  
  59  7:20  Extractor, Drone x3  
  60  7:24  Zerg Missile Weapons Level 1  
  60  7:25  Spine Crawler  
  59  7:31  Hydralisk x2  
  63  7:39  Hydralisk x2  
  66  7:50  Zergling x8  
  66  7:51  Zergling x6  
  72  7:58  Hydralisk x2  
  73  8:00  Zergling x2  
  78  8:08  Overlord x2  
  78  8:15  Overlord  
  78  8:16  Overlord x2  
  78  8:22  Spine Crawler  
  68  8:31  Hydralisk  
  70  8:35  Lurker x3  
  73  8:50  Drone x6  
  79  9:27  Drone x14  
  93  9:43  Hatchery  
  92  9:48  Hydralisk  
  92  9:49  Hydralisk x6  
  92  9:51  Overlord x2  
  106  9:58  Zerg Missile Weapons Level 2  
  106  10:17  Drone  
  106  10:18  Drone x12  
  119  10:22  Queen  
  119  10:24  Muscular Augments  
  121  10:31  Infestation Pit  
  120  10:42  Hydralisk  
  122  10:44  Overlord x3  
  122  11:01  Spine Crawler  
  122  11:02  Spine Crawler  
  120  11:05  Spine Crawler  
  120  11:06  Spine Crawler  
  120  11:09  Spine Crawler  
  117  11:21  Hydralisk  
  117  11:22  Hydralisk x16  
  117  11:24  Overlord  
  117  11:25  Overlord  
  151  11:29  Queen  
  147  11:37  Lurker x2  
  147  11:38  Lurker x3  
  152  11:43  Lurker  
  153  11:59  Spore Crawler  
  153  12:00  Spore Crawler x2  
  148  12:04  Spore Crawler  
  143  12:25  Overlord  
  143  12:26  Overlord, Hydralisk  
  143  12:27  Hydralisk x11  
  143  12:29  Overlord x3  
  167  12:30  Overlord x2  
  167  13:08  Hydralisk x9  
  167  13:09  Hydralisk x7  
Tags
 
Add a new tag
Caveats
  • Supply blocks, unpowered buildings, or Contaminate may cause inaccurate times.
  • Supply counts are checked every 10 seconds.